 Dungeon Crawl Stone Soup version 0.29-a0-824-gd827844252 (webtiles) character file.

Game seed: 7529662953124454383

556 buhh the Insei (level 7, -2/48 HPs)
             Began as an Octopode Transmuter on July 9, 2022.
             Killed from afar by a white imp (7 damage)
             ... with a puff of frost
             ... on level 5 of the Dungeon.
             The game lasted 00:03:31 (5328 turns).

buhh the Insei (Octopode Transmuter)                Turns: 5328, Time: 00:03:31

Health: -2/48      AC:  1    Str: 10    XL:     7   Next: 30%
Magic:  5/10       EV: 14    Int: 17    God:
Gold:   249        SH:  0    Dex: 12    Spells: 4/10 levels left

rFire   . . .      SeeInvis .     - Unarmed
rCold   . . .      Faith    .   (no shield)
rNeg    . . .      Spirit   .   (helmet restricted)
rPois   .          Reflect  .   (no amulet)
rElec   .          Harm     .   (no ring)
rCorr   .          Rampage  .   (no ring)
Will    .....                   (no ring)
Stlth   +++.......              (no ring)
HPRegen 0.16/turn               (no ring)
MPRegen 0.12/turn               (no ring)
                                (no ring)
                                (no ring)

@: lethally poisoned (-2 -> -9), about to teleport, wereblooded
A: almost no armour, amphibious, 8 rings, camouflage 1, gelatinous body 1,
(nimble swimmer 1), tentacles
a: no special abilities


You were on level 5 of the Dungeon.
You visited 2 branches of the dungeon, and saw 6 of its levels.

You collected 249 gold pieces.

Inventory:

Missiles
 j - 10 poisoned darts
Jewellery
 h - a ring of ice
 l - an amulet of guardian spirit
Wands
 a - a wand of flame (25)
 p - a wand of charming (12)
Scrolls
 b - a scroll of immolation {unknown}
 c - a scroll of blinking {unknown}
 d - a scroll of fear {unknown}
 f - a scroll of magic mapping {!r!d}
 g - 4 scrolls of identify {unknown}
 i - 2 scrolls of teleportation {!d}
 k - a scroll of fog {unknown}
 m - 2 scrolls of enchant weapon {unknown}
 n - a scroll of amnesia {unknown}
 o - 2 scrolls of noise {unknown}
 s - a scroll of enchant armour {unknown}
Potions
 e - a potion of berserk rage {unknown}
 q - a potion of heal wounds {unknown}
 r - a potion of might {unknown}
 t - a potion of curing {!q!d}


   Skills:
 + Level 4.2 Fighting
 + Level 4.6 Dodging
 - Level 2.0 Stealth
 + Level 5.1 Unarmed Combat
 - Level 2.0 Spellcasting
 - Level 2.0 Transmutations
 - Level 1.0 Poison Magic


You had 4 spell levels left.
You knew the following spells:

 Your Spells              Type           Power      Damage    Failure   Level
a - Beastly Appendage     Tmut           16%        N/A       9%          1
b - Wereblood             Tmut           8%         N/A       13%         2
c - Spider Form           Tmut/Pois      6%         N/A       30%         3

Your spell library contained the following spells:

 Spells                   Type           Power      Damage    Failure   Level
 Sting                    Tmut/Pois      24%        1d4       11%         1
 Poisonous Vapours        Pois/Air       6%         N/A       24%         2
 Call Canine Familiar     Summ           1%         N/A       50%         3
 Portal Projectile        Hex/Tloc       2%         N/A       50%         3
 Ice Form                 Ice/Tmut       5%         N/A       77%         4
 Olgreb's Toxic Radiance  Pois           5%         N/A       77%         4
 Leda's Liquefaction      Hex/Erth       0%         N/A       88%         4


Dungeon Overview and Level Annotations

Branches:
Dungeon (5/15) Zot: 24808  Temple (1/1) D:4 Zot: 5878

Altars:
Dithmenos
Elyvilon
Fedhas
Gozag
Makhleb
Qazlal
Ru
Sif Muna
Uskayaw
Vehumet
Xom
The Shining One
Lugonu

Annotations:
D:5 Duvessa


Innate Abilities, Weirdness & Mutations

You cannot wear most types of armour.
You are amphibious.
You can wear up to eight rings at the same time.
Your skin changes colour to match your surroundings (Stealth+).
Your rubbery body absorbs attacks. (AC +1, EV +1)
((You are camouflaged when in or above water. (Stealth+)))
You have tentacles for arms and can constrict up to eight enemies at once.


Message History

You are too injured to fight recklessly!
You are too injured to fight recklessly!
You are too injured to fight recklessly!
You are too injured to fight recklessly!
You are too injured to fight recklessly!
You are too injured to fight recklessly!
You are too injured to fight recklessly!
You are too injured to fight recklessly!
You are too injured to fight recklessly!
You are too injured to fight recklessly!
You are too injured to fight recklessly!
You are too injured to fight recklessly!
You are too injured to fight recklessly!
You are too injured to fight recklessly!
You are too injured to fight recklessly!
You are too injured to fight recklessly!
You are too injured to fight recklessly!
Okay, then.
As you read the scroll labelled ASHRU BIW LADE, it crumbles to dust.
You feel aware of your surroundings.
You sensed 3 altars.
It was a scroll of magic mapping.
You feel a bit better.
You kill the orc priest!
The orc barely misses you. The orc hits you with a +0 mace!
* * * LOW HITPOINT WARNING * * *
The white imp completely misses you. The adder bites you.
* * * LOW HITPOINT WARNING * * *
You are lethally poisoned!
The adder poisons you!
As you read the scroll labelled IRPHOL NETICEM, it crumbles to dust.
You feel strangely unstable.
It was a scroll of teleportation.
Your transformation has ended.
* * * LOW HITPOINT WARNING * * *
You feel sick. The ufetubus misses you. The ufetubus closely misses you.
The adder completely misses you. The shadow imp barely misses you.
The orc hits you with a +0 dagger.
* * * LOW HITPOINT WARNING * * *
The orc completely misses you. The white imp gestures at you.
The puff of frost hits you!
You die...

**,,,,* *,,,#.***###.##.*,,,,,,,
,,,,,,* #.,*#.###.......,,,,,,,,
,,,,,,* #.###..#..##..#.,,,,,,,,
,,**,**###...##†..#...>$.,,*,,,*,
,,**,**#......<...#....#,,*,*,,,*
,,,,,,,................#,*,,,*,,,
,,**,**#.................,,,,,,,,
,,**,* #.........S#......,,*,,,*,
,,**,* #?......o@5.......,*,*,,,*
****,**#....)..o55#......*,,,*,,,
,,,,,,,........eoyo.?....,,,,,,,,
,,*,***.!............?...,,*,,,*,
,*,,**,,,.........#......,*,*,,,*
,,,,,,,*,.........##...(,*,,,*,,,
,,,,,,***##...##...,....,,,,,,,,,
,,,,,** **..#.,..##,,...,,,*,,,*,
,,,,,* *,,,,,*****,,,,,,,*,*,,,*


You could see Duvessa, a hornet, an adder, a white imp, a shadow imp, 4 orcs and
an ufetubus.

Vanquished Creatures
  A black bear (D:5)
  An ogre (D:4)
  A scorpion (D:4)
  An orc priest (D:5)
  An iguana (D:5)
  A jelly (D:4)
  Terence (D:3)
  Robin (D:3)
  7 gnolls (D:4)
  3 adders
  3 worms
  A dart slug (D:2)
  An orc (D:3)
  7 ball pythons
  3 bats
  10 endoplasms
  5 giant cockroaches
  15 goblins
  5 hobgoblins
  6 jackals
  5 kobolds
  6 quokkas
  2 frilled lizards (D:2)
  6 rats
93 creatures vanquished.

Notes
Turn   | Place    | Note
-------+----------+-------------------------------------------
     0 | D:1      | buhh the Octopode Transmuter began the quest for the Orb.
     0 | D:1      | Reached XP level 1. HP: 13/13 MP: 3/3
   267 | D:1      | Reached XP level 2. HP: 6/18 MP: 3/5
   732 | D:1      | Reached XP level 3. HP: 21/23 MP: 4/6
  1617 | D:2      | Reached XP level 4. HP: 23/29 MP: 7/7
  1871 | D:2      | Found a faded altar of an unknown god.
  2174 | D:3      | Noticed Terence
  2256 | D:3      | Learned a level 2 spell: Wereblood
  2260 | D:3      | Learned a level 3 spell: Spider Form
  2293 | D:3      | Killed Terence
  2459 | D:3      | Noticed Robin
  2469 | D:3      | Killed Robin
  2470 | D:3      | Reached XP level 5. HP: 35/35 MP: 5/8
  2885 | D:3      | Found an opulent altar of Gozag.
  3390 | D:4      | Reached skill level 4 in Unarmed Combat
  3664 | D:4      | Noticed an ogre
  3680 | D:4      | Killed an ogre
  3681 | D:4      | Reached XP level 6. HP: 29/42 MP: 2/9
  3827 | D:4      | HP: 2/42 [gnoll/+1 vorpal spear (1)]
  4338 | D:4      | Found a blossoming altar of Fedhas.
  4483 | D:4      | Found a staircase to the Ecumenical Temple.
  4583 | Temple   | Entered the Ecumenical Temple
  4985 | D:4      | Found a stormy altar of Qazlal.
  4986 | D:4      | Noticed a water elemental
  4988 | D:4      | Noticed an air elemental
  4989 | D:4      | Noticed a fire elemental
  5070 | D:5      | Entered Level 5 of the Dungeon
  5070 | D:5      | Noticed a black bear
  5280 | D:5      | Killed a black bear
  5281 | D:5      | Reached skill level 5 in Unarmed Combat
  5281 | D:5      | Reached XP level 7. HP: 44/48 MP: 6/10
  5320 | D:5      | Noticed a hornet
  5322 | D:5      | Noticed Duvessa
  5328 | D:5      | Killed from afar by a white imp

Illustrated notes

Levels and vault maps discovered:
D:1:      tarquinn_simple_flora_water_a, layout_basic, minmay_pentomino_o4
D:2:      layout_basic, nicolae_ecumenical_lake_church
D:3:      layout_basic, lemuel_crystal_altar, uniq_terence, uniq_robin
D:4:      layout_loops_ring, amcnicky_altar_gilded,
          nicolae_qazlal_style_of_elements, minmay_temple_entry_hall
D:5:      cheibrodos_fzero, layout_rooms, kennysheep_slug_shrine,
          mainiacjoe_overflow_swirl, chequers_serial_rivers_large_b,
          uniq_duvessa
Temple:   kb_corrupted_temple

Skill      XL: |  1  2  3  4  5  6 |
---------------+-------------------+-----
Stealth        | 1 2 |  2.0
Poison Magic   | 1 |  1.0
Fighting       | 2 3 4 |  4.2
Dodging        | 3 4 |  4.6
Unarmed Combat | 4 5 |  5.1
Spellcasting   | |  2.0
Transmutations | |  2.0

Action                   |  1- 3 |  4- 6 |  7- 9 || total
-------------------------+-------+-------+-------++-------
Melee: Unarmed           |   100 |   119 |     7 ||   226
       Constrict         |    25 |    19 |       ||    44
       Kick              |    25 |    16 |       ||    41
       Tentacles         |    15 |    14 |       ||    29
       Punch             |     2 |     4 |       ||     6
 Cast: Beastly Appendage |    22 |    24 |     1 ||    47
       Spider Form       |       |     6 |     1 ||     7
       Wereblood         |       |     2 |     1 ||     3
  Use: Potion            |       |     3 |       ||     3
       Scroll            |       |       |     2 ||     2
 Stab: Sleeping          |     6 |     3 |       ||     9
       Invisible         |       |     2 |       ||     2
Armor: Skin              |    12 |    24 |     3 ||    39
Dodge: Dodged            |    92 |    79 |    40 ||   211

Table legend: (Time is in decaauts)
 A = Elapsed time spent in this place.
 B = Non-inter-level travel time spent in this place.
 C = Inter-level travel time spent in this place.
 D = Time resting spent in this place.
 E = Time spent auto-exploring this place.
 F = Levels seen in this place.
 G = Mean time per level.
                   A        B        C        D        E       F      G
               +--------+--------+--------+--------+--------+-----+--------+
         Total |   5312 |   5147 |    165 |    197 |   4319 |   6 |  885.3 |
       Dungeon |   5191 |   5046 |    145 |    197 |   4232 |   5 | 1038.2 |
        Temple |    121 |    102 |     19 |      0 |     87 |   1 |  121.0 |
               +--------+--------+--------+--------+--------+-----+--------+

Top non-repeatable levels by time:
     D:4: 1823 daAuts
     D:3: 1400 daAuts
     D:1: 1367 daAuts
     D:2: 542 daAuts
  Temple: 121 daAuts
     D:5: 57 daAuts
